 Dungeon Crawl Stone Soup version 0.22-a0-412-g2b68d14 (webtiles) character file.

11933 emperorscorpion the Warrior (level 11, -4/110 HPs)
             Began as a Merfolk Berserker on May 12, 2018.
             Was a High Priest of Trog.
             Slain by an unseen horror (9 damage)
             ... on level 11 of the Dungeon.
             The game lasted 00:19:01 (10496 turns).

emperorscorpion the Warrior (Merfolk Berserker)    Turns: 10496, Time: 00:19:01

Health: -4/110     AC:  8    Str: 19    XL:     11   Next: 85%
Magic:  0/11       EV: 12    Int:  7    God:    Trog [*****.]
Gold:   481        SH:  0    Dex: 15    Spells: 10/10 levels left

rFire    . . .     SeeInvis .   a - +4 halberd (freeze)
rCold    . . .     Gourm    +   (shield currently unavailable)
rNeg     . . .     Faith    .   L - +0 ring mail (curse)
rPois    .         Spirit   +   v - +0 helmet of Contentment {+Fly} (curse)
rElec    .         Reflect  .   i - scarf {Spirit}
rCorr    .         Harm     .   u - +1 pair of gloves
MR       ++...                  (no boots)
Stlth    +.........             e - amulet of the gourmand
HPRegen  1.28/turn              C - ring of wizardry
MPRegen  0.12/turn              (no ring)

@: about to teleport, regenerating, drained
A: change form in water, swift swim, stealthy swim
a: Berserk, Trog's Hand, Brothers in Arms, Renounce Religion, Evoke Flight


You were on level 11 of the Dungeon.
You worshipped Trog.
Trog was extremely pleased with you.
You were not hungry.

You visited 1 branch of the dungeon, and saw 11 of its levels.

You collected 618 gold pieces.
You spent 137 gold pieces at shops.

Inventory:

Hand Weapons
 a - a +4 halberd of freezing (weapon)
 b - a +0 halberd
 k - a +3 hand axe
 r - a +1 spear
 A - a -2 glaive of venom
 N - a +0 glaive
 R - a +0 blowgun
 T - a +0 trident of venom
 Y - a +2 hand crossbow of flaming
Missiles
 G - 5 tomahawks (quivered)
 I - 2 poisoned tomahawks
 J - 3 tomahawks of returning
 U - 7 poisoned needles
 V - a throwing net
Armour
 i - a scarf of spirit shield (worn)
 m - a +0 scale mail
 u - a +1 pair of gloves (worn)
 v - the cursed +0 helmet of Contentment (worn) {+Fly}
   (You bought it in a shop on level 5 of the Dungeon)

   It lets you fly.
   It has a curse placed upon it.
 y - a +0 animal skin
 K - a +2 scale mail of positive energy
 L - a cursed +0 ring mail (worn)
Jewellery
 e - an amulet of the gourmand (around neck)
 C - a ring of wizardry (left hand)
 D - an uncursed ring of protection from cold {unknown}
 M - an uncursed ring of protection from cold {unknown}
Wands
 n - a wand of enslavement (34)
 q - a wand of flame (21)
 W - a wand of polymorph (11)
Scrolls
 d - 7 scrolls of identify
 f - 3 scrolls of amnesia
 g - 7 scrolls of remove curse
 o - 4 scrolls of teleportation
 t - 2 scrolls of enchant weapon
 x - 3 scrolls of blinking
 F - 2 scrolls of enchant armour {unknown}
 P - 2 scrolls of immolation
 S - 2 scrolls of vulnerability {unknown}
Potions
 h - 2 potions of magic
 j - a potion of cancellation
 l - 5 potions of curing
 p - a potion of might
 s - a potion of agility
 w - 3 potions of flight
 z - a potion of haste
 B - a potion of heal wounds {unknown}
 E - 2 potions of brilliance {unknown}
 O - a potion of mutation {unknown}
 Q - a potion of resistance
 X - a potion of lignification
Miscellaneous
 H - a box of beasts
Comestibles
 c - 15 rations


   Skills:
 + Level 18.6(18.3) Fighting
 - Level 5.3(5.0) Polearms
 - Level 1.5(1.3) Armour
 - Level 2.9(2.7) Dodging
 - Level 0.1(0.0) Stealth


You had 10 spell levels left.
You didn't know any spells.
Your spell library contained the following spells:

 Spells                   Type           Power        Failure   Level  Hunger
 Animate Dead             Necr           N/A          95%         4    #####..
 Pain                     Necr           #...         32%         1    ##.....
 Animate Skeleton         Necr           N/A          32%         1    ##.....
 Vampiric Draining        Necr           #.........   65%         3    ####...
 Regeneration             Chrm/Necr      #.........   65%         3    ####...


Dungeon Overview and Level Annotations

Branches:
Dungeon (11/15)            Temple (0/1) D:6            Lair (0/6) D:9
    Orc (0/2) D:11

Altars:
Cheibriados
Fedhas
Qazlal
Sif Muna
Vehumet
Yredelemnul
The Shining One

Shops:
D:5 [   D:7 =   D:9 :


Message History

* * * LOW HITPOINT WARNING * * *
The bullfrog barely misses you. Something hits you but does no damage.
Something hits you!
* * * LOW HITPOINT WARNING * * *
The bullfrog hits you but does no damage.
Something hits you.
* * * LOW HITPOINT WARNING * * *
Something hits you.
* * * LOW HITPOINT WARNING * * *
Something hits you but does no damage. Something hits you.
* * * LOW HITPOINT WARNING * * *
Something hits you!
* * * LOW HITPOINT WARNING * * *
As you read the scroll of teleportation, it crumbles to dust.
You feel strangely unstable. Something hits you.
* * * LOW HITPOINT WARNING * * *
Something hits you!
You die...

####### ################ .......
............... .......
#.............. .......
#.........(.... .......
#.............. .......
#..............
.......###....).........
..W....@.Fz.............
......######....#'###### ##...
#....#...# #.. #....#...# #.
#....#...# # #....#...#
#####....#...# .
#################...#....##..# ..
....................#.....'..##..


You could see a wraith, a bullfrog and a wight.

Vanquished Creatures
  3 two-headed ogres
  A deep elf mage (D:11)
  A cyclops (D:11)
  Psyche (D:9)
  A centaur skeleton (D:10)
  A merfolk (D:10)
  Grinder (D:3)
  2 hippogriffs
  A shadow (D:11)
  4 yaks (D:11)
  2 wyverns (D:10)
  Grum (D:8)
  2 vampire mosquitoes
  A hungry ghost (D:10)
  2 wargs (D:11)
  9 orc warriors
  2 ice beasts
  2 sky beasts
  4 black bears
  2 phantoms (D:6)
  4 ogres
  3 wolves (D:8)
  10 centaurs
  A big kobold (D:10)
  A gnoll sergeant (D:10)
  6 bullfrogs
  2 wyvern skeletons (D:6)
  2 scorpions
  12 killer bees
  9 wights
  A howler monkey (D:11)
  A crimson imp (D:8)
  A quasit (D:10)
  3 centaur zombies
  A jelly (D:10)
  3 hounds (D:8)
  6 orc priests
  A bullfrog skeleton (D:6)
  4 orc wizards
  4 iguanas
  6 worker ants
  A hound zombie (D:5)
  2 hound skeletons (D:6)
  9 gnolls
  10 adders
  2 shadow imps
  2 oozes
  An adder skeleton (D:7)
  A worm (D:3)
  A dart slug (D:1)
  3 leopard geckos
  56 orcs
  2 giant cockroaches (D:7)
  2 goblins
  2 hobgoblins (D:1)
  7 kobolds
  6 quokkas
  8 bats
  3 frilled lizards
  A leopard gecko skeleton (D:6)
  A quokka zombie (D:5)
  5 rats
249 creatures vanquished.

Vanquished Creatures (collateral kills)
  A killer bee (D:7)
1 creature vanquished.

Vanquished Creatures (others)
  2 killer bees (D:7)
2 creatures vanquished.

Grand Total: 252 creatures vanquished

Notes
Turn   | Place    | Note
-------+----------+-------------------------------------------
     0 | D:1      | emperorscorpion the Merfolk Berserker began the quest for the Orb.
     0 | D:1      | Reached XP level 1. HP: 18/18 MP: 1/1
    63 | D:1      | Reached XP level 2. HP: 20/24 MP: 2/2
   222 | D:2      | Found a stormy altar of Qazlal.
   230 | D:2      | Reached skill level 5 in Polearms
   413 | D:2      | Reached XP level 3. HP: 8/30 MP: 3/3
   428 | D:2      | HP: 2/45 [poisoned by an adder]
   434 | D:2      | HP: 1/45 [poisoned by an adder]
   790 | D:3      | Reached ** piety under Trog
   790 | D:3      | Reached skill level 4 in Fighting
   898 | D:3      | Noticed Grinder
   907 | D:3      | Killed Grinder
   907 | D:3      | Reached skill level 6 in Fighting
   907 | D:3      | Reached XP level 4. HP: 41/41 MP: 4/4
   907 | D:3      | Reached XP level 5. HP: 47/47 MP: 5/5
   907 | D:3      | Reached XP level 6. HP: 53/53 MP: 6/6
  1546 | D:5      | Entered Level 5 of the Dungeon
  1606 | D:6      | Noticed an orc warrior
  1705 | D:6      | Found a radiant altar of Vehumet.
  1706 | D:6      | Noticed a phantom
  1708 | D:6      | Noticed a black bear
  1753 | D:5      | Reached skill level 7 in Fighting
  1945 | D:6      | Killed an orc warrior
  1945 | D:6      | Reached skill level 8 in Fighting
  1945 | D:6      | Reached XP level 7. HP: 56/62 MP: 5/7
  2106 | D:5      | Found a blossoming altar of Fedhas.
  2146 | D:5      | Found Textata's Armour Boutique.
  2186 | D:5      | Found a basalt altar of Yredelemnul.
  2246 | D:5      | Reached skill level 9 in Fighting
  2351 | D:5      | Bought the cursed +0 helmet of Contentment {+Fly} for 137 gold pieces
  2593 | D:6      | Reached XP level 8. HP: 55/72 MP: 5/8
  2692 | D:6      | Reached skill level 10 in Fighting
  2880 | D:6      | Found a staircase to the Ecumenical Temple.
  2923 | D:6      | Reached skill level 11 in Fighting
  2929 | D:6      | Reached *** piety under Trog
  3094 | D:6      | Received a gift from Trog
  3223 | D:7      | HP: 2/76 [orc priest/nerve-wracking pain (10)]
  3574 | D:6      | Found a deep blue altar of Sif Muna.
  3663 | D:7      | Found a snail-covered altar of Cheibriados.
  3715 | D:7      | Reached skill level 12 in Fighting
  3715 | D:7      | Reached XP level 9. HP: 81/82 MP: 9/9
  4313 | D:8      | Found a stormy altar of Qazlal.
  4313 | D:8      | Found a blossoming altar of Fedhas.
  4313 | D:8      | Found a glowing golden altar of the Shining One.
  4337 | D:8      | Found a radiant altar of Vehumet.
  4491 | D:8      | Reached skill level 13 in Fighting
  4641 | D:8      | Noticed a two-headed ogre
  4895 | D:7      | Found Katrayz's Jewellery Shoppe.
  5231 | D:8      | Noticed Grum
  5251 | D:8      | Killed Grum
  5251 | D:8      | Reached skill level 14 in Fighting
  5296 | D:8      | Killed a two-headed ogre
  5296 | D:8      | Reached XP level 10. HP: 95/95 MP: 10/10
  5630 | D:9      | Reached skill level 15 in Fighting
  5638 | D:9      | Reached **** piety under Trog
  6098 | D:9      | Found a staircase to the Lair.
  6655 | D:10     | Entered Level 10 of the Dungeon
  6803 | D:11     | Noticed a two-headed ogre
  6811 | D:11     | Killed a two-headed ogre
  6811 | D:11     | Reached skill level 16 in Fighting
  7467 | D:9      | Reached XP level 11. HP: 106/106 MP: 6/11
  7594 | D:9      | Noticed Psyche
  7600 | D:9      | Killed Psyche
  7648 | D:9      | Found Woceink's Book Boutique.
  7832 | D:10     | Noticed a two-headed ogre
  7838 | D:10     | Killed a two-headed ogre
  7838 | D:10     | Reached skill level 17 in Fighting
  7970 | D:10     | Reached ***** piety under Trog
  9202 | D:10     | Received a gift from Trog
  9476 | D:11     | Reached skill level 18 in Fighting
  9713 | D:11     | Found a staircase to the Orcish Mines.
  9742 | D:11     | Noticed a deep elf mage
  9751 | D:11     | Killed a deep elf mage
 10089 | D:11     | Noticed a cyclops
 10097 | D:11     | Killed a cyclops
 10424 | D:11     | Received a gift from Trog
 10495 | D:11     | HP: 5/110 [something (8)]
 10496 | D:11     | Slain by an unseen horror

Vault maps used:
D:1:      noname_arrival_rooms_in_the_neighbourhood, skrybe_limestone_x
D:2:      grunt_qazlal_clouds
D:3:      minmay_surrounded, uniq_grinder
D:5:      first_ration, basic_altar, serial_shops, shop_statue,
          yredelemnul_altar_generic
D:6:      lemuel_blue_sif_altar, temple_green, vehumet_altar_wand_db
D:7:      cheibriados_altar_1, serial_shops, nicolae_shop_waterfront
D:8:      grunt_temple_overflow_open, serial_shops, shop, special_room,
          serial_glass, glass_columns_a, glass_columns_b, uniq_grum
D:9:      lair_entry_dummy, serial_shops, shop_fountains, uniq_psyche
D:10:     hangedman_fish_farm
D:11:     minmay_orc_entry_guard_dogs

Skill      XL: |  1  2  3  4  5  6  7  8  9 10 11 |
---------------+----------------------------------+-----
Polearms       | 5 |  5.3
Fighting       | 6 8 9 12 14 16 18 | 18.6
Armour         | |  1.5
Dodging        | |  2.9
Stealth        | |  0.1

Action                   |  1- 3 |  4- 6 |  7- 9 | 10-12 || total
-------------------------+-------+-------+-------+-------++-------
Melee: Spear             |    68 |    74 |     1 |       ||   143
       Halberd           |       |       |   232 |   143 ||   375
       Trident           |       |       |    79 |   356 ||   435
Invok: Berserk           |     3 |     5 |    11 |    21 ||    40
       Trog's Hand       |       |       |       |     1 ||     1
 Abil: Evoke Flight      |       |       |     1 |       ||     1
Evoke: Wand              |       |       |    11 |       ||    11
  Use: Potion            |     3 |       |     2 |     1 ||     6
       Scroll            |       |    10 |     6 |     1 ||    17
 Stab: Sleeping          |     2 |     1 |       |       ||     3
       Invisible         |       |       |     1 |       ||     1
  Eat: Chunk             |     2 |     4 |    29 |    43 ||    78
       Ration            |       |     1 |       |       ||     1
Armor: Animal skin       |     2 |     5 |       |       ||     7
       Scale mail        |       |     5 |   126 |    64 ||   195
       Ring mail         |       |       |       |   148 ||   148
Dodge: Dodged            |    30 |    29 |   201 |   326 ||   586

Table legend:
 A = Spawn XP
 B = Non-spawn XP
 C = Spawn XP percentage of total XP
 D = Spawn monster count
 E = Non-spawn monster count
 F = Spawn count percentage of total count
 G = Total turns spent on level
                    A         B        C        D         E        F      G
               +---------+---------+-------+---------+---------+-------+---------
         Total |       0 |   17048 |   0.0 |       0 |     250 |   0.0 | 10496
               +---------+---------+-------+---------+---------+-------+---------
           D:1 |       0 |      15 |   0.0 |       0 |       8 |   0.0 |   210
           D:2 |       0 |      29 |   0.0 |       0 |      13 |   0.0 |   640
           D:3 |       0 |     290 |   0.0 |       0 |       8 |   0.0 |   312
           D:4 |       0 |      33 |   0.0 |       0 |       2 |   0.0 |   384
           D:5 |       0 |     578 |   0.0 |       0 |      15 |   0.0 |   788
           D:6 |       0 |    1279 |   0.0 |       0 |      28 |   0.0 |  1598
           D:7 |       0 |     643 |   0.0 |       0 |      12 |   0.0 |   670
           D:8 |       0 |    2794 |   0.0 |       0 |      46 |   0.0 |  1217
           D:9 |       0 |    2396 |   0.0 |       0 |      45 |   0.0 |  1158
          D:10 |       0 |    3691 |   0.0 |       0 |      35 |   0.0 |  2000
          D:11 |       0 |    5300 |   0.0 |       0 |      38 |   0.0 |  1519
               +---------+---------+-------+---------+---------+-------+---------
